 Dungeon Crawl Stone Soup version 0.20-a0-252-gcc89fee (webtiles) character file.

90 Gorfmaster the Poker (level 4, -6/42 HPs)
             Began as a Naga Fighter on Nov 30, 2016.
             Killed by divine providence
             ... invoked by an orc priest
              (14 damage)
             ... on level 3 of the Dungeon.
             The game lasted 00:06:08 (1986 turns).

Gorfmaster the Poker (Naga Fighter)                 Turns: 1986, Time: 00:06:09

Health: -6/42      AC:  6    Str: 18    XL:     4   Next: 56%
Magic:  4/4        EV:  5    Int:  9    God:
Gold:   109        SH:  8    Dex: 11    Spells: 3/3 levels left

rFire  + . .     SeeInvis +     a - +0 trident
rCold  x . .     Gourm    .     b - +0 scale mail
rNeg   . . .     Faith    .     c - +0 shield
rPois  +         Spirit   .     (no helmet)
rElec  .         Reflect  .     (no cloak)
rCorr  .         Harm     .     g - +0 pair of gloves
MR     .....                    (no barding)
Stlth  ..........               o - amulet of magic regeneration
                                (no ring)
                                h - ring of fire

@: very slightly contaminated, hasted, quick
A: see invisible, deformed body, poison resistance, slowness 2, slow metabolism
1, spit poison 1, AC +1
a: Spit Poison


You were on level 3 of the Dungeon.
You were not hungry.

You visited 1 branch of the dungeon, and saw 3 of its levels.

You collected 109 gold pieces.

Inventory:

Hand Weapons
 a - a +0 trident (weapon)
Armour
 b - a +0 scale mail (worn)
 c - a +0 shield (worn)
 g - a +0 pair of gloves (worn)
Jewellery
 h - a ring of fire (left hand)
 o - an amulet of magic regeneration (around neck)
Wands
 s - a wand of iceblast (12/15)
Scrolls
 m - a scroll of blinking
 n - a scroll of recharging
Potions
 d - a potion of might
 e - a potion of magic {unknown}
 j - 2 potions of haste
 l - a potion of ambrosia {unknown}
 q - a potion of degeneration {unknown}
 r - a potion of heal wounds {unknown}
 v - a potion of curing {unknown}
Comestibles
 f - 2 bread rations
 i - 3 fruits
 k - a slice of pizza
 p - 4 chunks of flesh


   Skills:
 - Level 3.0 Fighting
 + Level 4.6 Polearms
 - Level 2.4 Armour
 - Level 2.4 Shields


You had 3 spell levels left.
You didn't know any spells.

Dungeon Overview and Level Annotations

Branches:
Dungeon (3/15)

Altars:


Innate Abilities, Weirdness & Mutations

You cannot wear boots.
Your serpentine skin is tough. (AC +1)
You have supernaturally acute eyesight. (SInv)
Armour fits poorly on your strangely shaped body.
Your system is resistant to poisons. (rPois)
You cover ground very slowly.
You have a slow metabolism.
You can spit poison.


Message History

The bat hits you but does no damage.
You feel yourself speed up. You block the bat's attack.
The orc priest mumbles some strange prayers to Beogh against you.
Beogh smites you!
* * * LOW HITPOINT WARNING * * *
You are very lightly contaminated with residual magic.
You are too injured to fight recklessly!
Your shield and scale mail prevent you from hitting the bat.
The bat hits you but does no damage. x2
You closely miss the bat. The bat hits you.
* * * LOW HITPOINT WARNING * * *
The bat hits you but does no damage.
The orc priest looks braver for a moment.
You block the orc's attack.
Your shield prevents you from hitting the orc.
The bat barely misses you. The orc barely misses you.
You closely miss the orc priest. The orc hits you but does no damage.
The orc priest mumbles some strange prayers to Beogh against you.
Beogh smites you!
You die... ##.......## #...>.....# +.........+ #.........# #.......# #..boo# #ooo#

#'# #@# #.# ##.##
##...##
#.....######
##..........
#########..########
........#..#
#######....#


You could see 2 orc priests, 3 orcs and a bat.

Vanquished Creatures
  3 adders
  2 worms
  2 dart slugs
  A leopard gecko (D:1)
  A bat zombie (D:2)
  4 giant cockroaches (D:2)
  6 hobgoblins
  3 jackals (D:1)
  5 kobolds
  2 quokkas (D:2)
  A ball python skeleton (D:2)
  7 bats
  4 frilled lizards
  5 goblins
  2 rats
48 creatures vanquished.

Notes
Turn   | Place    | Note
-------+----------+-------------------------------------------
     0 | D:1      | Gorfmaster the Naga Fighter began the quest for the Orb.
     0 | D:1      | Reached XP level 1. HP: 21/21 MP: 1/1
   161 | D:1      | Reached XP level 2. HP: 26/28 MP: 2/2
   385 | D:1      | Reached skill level 3 in Polearms
   443 | D:1      | Reached XP level 3. HP: 34/34 MP: 3/3
   928 | D:2      | Reached skill level 4 in Polearms
   929 | D:2      | Reached XP level 4. HP: 7/42 MP: 4/4
  1986 | D:3      | Killed from afar by an orc priest

Vault maps used:
D:1:      saegor_arrival_simple_a, minmay_misc_feat_columns
D:2:      serial_undead, serial_undead_b, serial_undead_e, serial_undead_b,
          serial_undead_d
D:3:      nicolae_tso_swordbearing_angel

Skill      XL: |  1  2  3 |
---------------+----------+-----
Polearms       | 3 4 |  4.6
Fighting       | |  3.0
Armour         | |  2.4
Shields        | |  2.4

Action                   |  1- 3 |  4- 6 || total
-------------------------+-------+-------++-------
Melee: Trident           |   154 |    68 ||   222
 Abil: Spit Poison       |     1 |     3 ||     4
  Use: Scroll            |     1 |     5 ||     6
       Potion            |       |     1 ||     1
  Eat: Chunk             |       |     3 ||     3
Armor: Scale mail        |    70 |    44 ||   114
Dodge: Dodged            |    32 |    20 ||    52
Block: Shield            |    77 |    41 ||   118
